| TOP OF THE 1ST |
|
Windy City ThunderBolts batting - Pitching for York Revolution : RHP John Hughes
|
|
Pitching: RHP John Hughes
|
|
|
Batting: LHB Adam Tarbutton
|
0-0: Fly out, F3 (Line Drive, 3, EV 69.4 MPH)
|
|
Batting: LHB Matt Hyde
|
0-0: Ball 1-0: Ball 2-0: Swinging Strike 2-1: Fly out, F6 (Flyball, 6MD, EV 92.5 MPH)
|
|
Batting: LHB Larry Myers
|
0-0: Ground out 4-3 (Groundball, 4M, EV 91.2 MPH)
|
| Top of the 1st over - 0 runs, 0 hits, 0 errors, 0 left on base; Windy City 0 - York 0 |
| BOTTOM OF THE 1ST |
|
York Revolution batting - Pitching for Windy City ThunderBolts : RHP Ruben Castro
|
|
Pitching: RHP Ruben Castro
|
|
|
Batting: RHB Tony Perez
|
0-0: SINGLE (Groundball, 34D, EV 103.8 MPH)
|
|
Batting: RHB Chris Myers
|
0-0: Fly out, F7 (Flyball, 7, EV 88.8 MPH)
|
|
Batting: LHB Joel Moore
|
0-0: Called Strike 0-1: Foul Ball, location: 2F 0-2: Strikes out swinging
|
|
Batting: RHB Jose Corral
|
0-0: Ball Tony Perez steals 2nd base 1-0: Called Strike 1-1: Reached on error, E5 (Groundball, 56S, EV 85.0 MPH) Tony Perez to third
|
|
Batting: RHB Lee Wright
|
0-0: Ball 1-0: Called Strike 1-1: Ball 2-1: Swinging Strike 2-2: Foul Ball, location: 2F 2-2: Ball 3-2: Strikes out swinging
|
| Bottom of the 1st over - 0 runs, 1 hit, 1 error, 2 left on base; Windy City 0 - York 0 |
| TOP OF THE 2ND |
|
Windy City ThunderBolts batting - Pitching for York Revolution : RHP John Hughes
|
|
Batting: LHB Justin Stickney
|
0-0: Ball 1-0: Fly out, F9 (Flyball, 9, EV 88.1 MPH)
|
|
Batting: RHB Mike Rosa
|
0-0: Swinging Strike 0-1: Ball 1-1: Foul Ball, location: 2F 1-2: Strikes out swinging
|
|
Batting: RHB Josiah Wright
|
0-0: Called Strike 0-1: Ball 1-1: Called Strike 1-2: Ball 2-2: Ball 3-2: Base on Balls
|
|
Batting: LHB Evan Oliveri
|
0-0: Called Strike 0-1: Called Strike Josiah Wright steals 2nd base (no throw) 0-2: SINGLE (Groundball, 6S, EV 67.5 MPH) (infield hit) Josiah Wright to third
|
|
Batting: LHB Eddie Reyes
|
0-0: Ball 1-0: Swinging Strike 1-1: Ball 2-1: Fielders Choice at 2nd, 6-4 (Groundball, 6, EV 95.0 MPH)
|
| Top of the 2nd over - 0 runs, 1 hit, 0 errors, 2 left on base; Windy City 0 - York 0 |
| BOTTOM OF THE 2ND |
|
York Revolution batting - Pitching for Windy City ThunderBolts : RHP Ruben Castro
|
|
Batting: RHB Jake Cox
|
0-0: Called Strike 0-1: Foul Ball, location: 2F 0-2: Foul Ball, location: 2F 0-2: SINGLE (Line Drive, 89S, EV 93.1 MPH)
|
|
Batting: SHB Brett St. Clair
|
0-0: Ball Jake Cox is caught stealing 2nd base 2-6 1-0: Swinging Strike 1-1: Swinging Strike 1-2: Foul Ball, location: 2F 1-2: Strikes out looking
|
|
Batting: RHB Victor Arias
|
0-0: Ball 1-0: Swinging Strike 1-1: Ground out 4-3 (Groundball, 4S, EV 83.1 MPH)
|
| Bottom of the 2nd over - 0 runs, 1 hit, 0 errors, 0 left on base; Windy City 0 - York 0 |
| TOP OF THE 3RD |
|
Windy City ThunderBolts batting - Pitching for York Revolution : RHP John Hughes
|
|
Batting: SHB Alfie Bungledorf
|
0-0: Called Strike 0-1: Ball 1-1: Ground out U3 (Groundball, 34, EV 104.4 MPH)
|
|
Batting: LHB Adam Tarbutton
|
0-0: Ball 1-0: Swinging Strike 1-1: Foul Ball, location: 2F 1-2: Ground out 6-3 (Groundball, 4M, EV 84.4 MPH)
|
|
Batting: LHB Matt Hyde
|
0-0: Ball 1-0: Foul Ball, location: 2F 1-1: Ball 2-1: Foul Ball, location: 2F 2-2: Ball 3-2: Base on Balls
|
|
Batting: LHB Larry Myers
|
0-0: Ball 1-0: Called Strike 1-1: SINGLE (Groundball, 4D, EV 94.4 MPH) Matt Hyde to second Runner from 2nd tries for 3rd, SAFE, no throw by CF
|
|
Batting: LHB Justin Stickney
|
0-0: Ball 1-0: Fly out, F5 (Popup, 56S, EV 81.9 MPH)
|
| Top of the 3rd over - 0 runs, 1 hit, 0 errors, 2 left on base; Windy City 0 - York 0 |
| BOTTOM OF THE 3RD |
|
York Revolution batting - Pitching for Windy City ThunderBolts : RHP Ruben Castro
|
|
Batting: RHB Joe Hewitt
|
0-0: Called Strike 0-1: Ball 1-1: Called Strike 1-2: Strikes out swinging
|
|
Batting: RHB Tony Perez
|
0-0: Ball 1-0: Foul Ball, location: 2F 1-1: Ball 2-1: Ball 3-1: Fly out, F9 (Flyball, 9LD, EV 90.6 MPH)
|
|
Batting: RHB Chris Myers
|
0-0: Ball 1-0: Ball 2-0: Called Strike 2-1: TRIPLE (Flyball, 7D, EV 102.5 MPH)
|
|
Batting: LHB Joel Moore
|
0-0: Fly out, F6 (Line Drive, 6, EV 68.8 MPH)
|
| Bottom of the 3rd over - 0 runs, 1 hit, 0 errors, 1 left on base; Windy City 0 - York 0 |
| TOP OF THE 4TH |
|
Windy City ThunderBolts batting - Pitching for York Revolution : RHP John Hughes
|
|
Batting: RHB Mike Rosa
|
0-0: SINGLE (Line Drive, 56D, EV 105.6 MPH)
|
|
Batting: RHB Josiah Wright
|
0-0: Called Strike 0-1: Called Strike 0-2: Ball 1-2: Ball 2-2: Foul Ball, location: 2F 2-2: Ball 3-2: Fielders Choice at 2nd, 4-6 (Groundball, 4, EV 85.0 MPH)
|
|
Batting: LHB Evan Oliveri
|
0-0: Called Strike 0-1: Ball Josiah Wright steals 2nd base 1-1: Swinging Strike 1-2: Ball 2-2: Ground out 4-3 (Groundball, 34, EV 83.1 MPH) Josiah Wright to third
|
|
Batting: LHB Eddie Reyes
|
0-0: Foul Ball, location: 2F 0-1: Foul Ball, location: 2F 0-2: Ground out 4-3 (Groundball, 34, EV 103.1 MPH)
|
| Top of the 4th over - 0 runs, 1 hit, 0 errors, 1 left on base; Windy City 0 - York 0 |
| BOTTOM OF THE 4TH |
|
York Revolution batting - Pitching for Windy City ThunderBolts : RHP Ruben Castro
|
|
Batting: RHB Jose Corral
|
0-0: Ball 1-0: Called Strike 1-1: Ball 2-1: Foul Ball, location: 2F 2-2: Ball 3-2: Ground out 4-3 (Groundball, 4M, EV 87.5 MPH)
|
|
Batting: RHB Lee Wright
|
0-0: Ball 1-0: Ball 2-0: Ball 3-0: Base on Balls
|
|
Batting: RHB Jake Cox
|
0-0: Called Strike 0-1: Ball 1-1: Swinging Strike 1-2: Strikes out swinging
|
|
Batting: SHB Brett St. Clair
|
0-0: Called Strike 0-1: Swinging Strike 0-2: Foul Ball, location: 2F 0-2: Ball 1-2: Fly out, F8 (Flyball, 78S, EV 89.4 MPH)
|
| Bottom of the 4th over - 0 runs, 0 hits, 0 errors, 1 left on base; Windy City 0 - York 0 |
| TOP OF THE 5TH |
|
Windy City ThunderBolts batting - Pitching for York Revolution : RHP John Hughes
|
|
Batting: SHB Alfie Bungledorf
|
0-0: Called Strike 0-1: Ball 1-1: Fly out, F9 (Flyball, 89D, EV 86.2 MPH)
|
|
Batting: LHB Adam Tarbutton
|
0-0: Called Strike 0-1: Ball 1-1: DOUBLE (Groundball, 3L, EV 110.0 MPH)
|
|
Batting: LHB Matt Hyde
|
0-0: Foul Ball, location: 2F 0-1: Ball 1-1: Ball Adam Tarbutton steals 3rd base (no throw) 2-1: Called Strike 2-2: Ball 3-2: Fly out, F8 (Flyball, 8RXD, EV 100.0 MPH) Runner from 3rd tags up, SCORES, no throw by CF
|
|
Batting: LHB Larry Myers
|
0-0: Ball 1-0: Called Strike 1-1: Swinging Strike 1-2: Foul Ball, location: 2F 1-2: Foul Ball, location: 2F 1-2: Ball 2-2: Strikes out looking
|
| Top of the 5th over - 1 run, 1 hit, 0 errors, 0 left on base; Windy City 1 - York 0 |
| BOTTOM OF THE 5TH |
|
York Revolution batting - Pitching for Windy City ThunderBolts : RHP Ruben Castro
|
|
Batting: RHB Victor Arias
|
0-0: Foul Ball, location: 2F 0-1: Ball 1-1: SINGLE (Line Drive, 34D, EV 95.6 MPH)
|
|
Batting: RHB Joe Hewitt
|
0-0: Ball 1-0: Fielders Choice at 2nd, 6-4 (Groundball, 56, EV 91.9 MPH)
|
|
Batting: RHB Tony Perez
|
0-0: Ball 1-0: Ball 2-0: Ball 3-0: Called Strike 3-1: Called Strike 3-2: Base on Balls Joe Hewitt to second
|
|
Batting: RHB Chris Myers
|
0-0: Fly out, F9 (Flyball, 9D, EV 105.0 MPH) Runner from 2nd tags up, SAFE at 3rd, no throw by RF
|
|
Batting: LHB Joel Moore
|
0-0: Ball 1-0: Foul Ball, location: 2F 1-1: Foul Ball, location: 2F 1-2: Ball 2-2: Fielders Choice at 2nd, 5-4 (Groundball, 5, EV 97.5 MPH)
|
| Bottom of the 5th over - 0 runs, 1 hit, 0 errors, 2 left on base; Windy City 1 - York 0 |
| TOP OF THE 6TH |
|
Windy City ThunderBolts batting - Pitching for York Revolution : RHP John Hughes
|
|
Batting: LHB Justin Stickney
|
0-0: Called Strike 0-1: Swinging Strike 0-2: Fly out, F4 (Popup, 34, EV 81.9 MPH)
|
|
Batting: RHB Mike Rosa
|
0-0: Ball 1-0: SINGLE (Flyball, 5D, EV 84.4 MPH)
|
|
Batting: RHB Josiah Wright
|
0-0: Ball Mike Rosa is caught stealing 2nd base 2-4 1-0: Ball 2-0: Ball 3-0: Called Strike 3-1: Foul Ball, location: 2F 3-2: Base on Balls
|
|
Batting: LHB Evan Oliveri
|
0-0: Ball Josiah Wright steals 2nd base 1-0: SINGLE (Line Drive, 8RS, EV 92.5 MPH) Josiah Wright to third Runner from 3rd tries for Home, SAFE, throw by CF to home
|
|
Batting: LHB Eddie Reyes
|
0-0: Ground out U3 (Groundball, 34, EV 90.0 MPH)
|
| Top of the 6th over - 1 run, 2 hits, 0 errors, 1 left on base; Windy City 2 - York 0 |
| BOTTOM OF THE 6TH |
|
York Revolution batting - Pitching for Windy City ThunderBolts : RHP Ruben Castro
|
|
Batting: RHB Jose Corral
|
0-0: Called Strike 0-1: Ball 1-1: Ball 2-1: Ball 3-1: Foul Ball, location: 2F 3-2: Base on Balls
|
|
Batting: RHB Lee Wright
|
0-0: Called Strike 0-1: Called Strike 0-2: Ball 1-2: Ball 2-2: Ball 3-2: Base on Balls Jose Corral to second
|
|
Batting: RHB Jake Cox
|
0-0: Called Strike 0-1: Ball 1-1: Ball 2-1: Foul Ball, location: 2F 2-2: Foul Ball, location: 2F 2-2: Foul Ball, location: 2F 2-2: Strikes out swinging
|
|
Batting: SHB Brett St. Clair
|
0-0: Ball Wild Pitch! Jose Corral to third Lee Wright to second 1-0: SINGLE (Line Drive, 8LS, EV 90.0 MPH) Jose Corral scores Lee Wright to third
|
|
Batting: RHB Victor Arias
|
0-0: Ball 1-0: Ball 2-0: Swinging Strike 2-1: Fly out, F2 (Popup, 23F, EV 86.9 MPH)
|
|
Batting: RHB Joe Hewitt
|
0-0: Called Strike 0-1: Foul Ball, location: 2F 0-2: Foul Ball, location: 2F 0-2: Strikes out swinging
|
| Bottom of the 6th over - 1 run, 1 hit, 0 errors, 2 left on base; Windy City 2 - York 1 |
| TOP OF THE 7TH |
|
Windy City ThunderBolts batting - Pitching for York Revolution : RHP John Hughes
|
|
Batting: SHB Alfie Bungledorf
|
0-0: Ball 1-0: Fly out, F9 (Flyball, 9S, EV 83.1 MPH)
|
|
Batting: LHB Adam Tarbutton
|
0-0: Ball 1-0: Foul Ball, location: 2F 1-1: Ball 2-1: Called Strike 2-2: Ball 3-2: SINGLE (Groundball, 4MS, EV 68.1 MPH) (infield hit)
|
|
Batting: LHB Matt Hyde
|
0-0: Swinging Strike 0-1: Called Strike 0-2: Fly out, F4 (Flyball, 4D, EV 90.6 MPH)
|
|
Batting: LHB Larry Myers
|
0-0: Ball 1-0: Ball 2-0: Ball 3-0: Called Strike 3-1: Base on Balls Adam Tarbutton to second
|
|
Pitching: LHP Hiroshi Mukae
|
|
|
Batting: LHB Justin Stickney
|
0-0: Foul Ball, location: 2F 0-1: Called Strike 0-2: Ball 1-2: Strikes out swinging
|
| Top of the 7th over - 0 runs, 1 hit, 0 errors, 2 left on base; Windy City 2 - York 1 |
| BOTTOM OF THE 7TH |
|
York Revolution batting - Pitching for Windy City ThunderBolts : RHP Ruben Castro
|
|
Pitching: RHP Maury Compson
|
|
|
Batting: RHB Tony Perez
|
0-0: Ball 1-0: Swinging Strike 1-1: Foul Ball, location: 2F 1-2: Ball 2-2: Fly out, F4 (Popup, 3S, EV 91.9 MPH)
|
|
Batting: RHB Chris Myers
|
0-0: Ball 1-0: Ball 2-0: SINGLE (Groundball, 4MS, EV 75.6 MPH) (infield hit)
|
|
Batting: LHB Joel Moore
|
0-0: Ball Chris Myers steals 2nd base (no throw) 1-0: Ball 2-0: Called Strike 2-1: Fly out, F8 (Line Drive, 8LD, EV 90.6 MPH)
|
|
Batting: RHB Jose Corral
|
0-0: Called Strike 0-1: Foul Ball, location: 2F 0-2: Ball 1-2: Strikes out swinging
|
| Bottom of the 7th over - 0 runs, 1 hit, 0 errors, 1 left on base; Windy City 2 - York 1 |
| TOP OF THE 8TH |
|
Windy City ThunderBolts batting - Pitching for York Revolution : LHP Hiroshi Mukae
|
|
Pitching: RHP Victor Hurtado
|
|
|
Batting: RHB Mike Rosa
|
0-0: Called Strike 0-1: Called Strike 0-2: Ball 1-2: Strikes out swinging
|
|
Batting: RHB Josiah Wright
|
0-0: Ball 1-0: SINGLE (Line Drive, 5D, EV 99.4 MPH)
|
|
Batting: LHB Evan Oliveri
|
0-0: Called Strike Josiah Wright steals 2nd base (no throw) 0-1: Called Strike 0-2: Foul Ball, location: 2F 0-2: SINGLE (Flyball, 3D, EV 90.0 MPH) Josiah Wright to third
|
|
Batting: LHB Eddie Reyes
|
0-0: Ball Evan Oliveri steals 2nd base 1-0: Intentional Walk
|
|
Batting: SHB Alfie Bungledorf
|
0-0: Ball 1-0: Called Strike 1-1: Ball 2-1: Ball 3-1: Foul Ball, location: 2F 3-2: Fly out, F9 (Flyball, 9D, EV 104.4 MPH) Runner from 3rd tags up, SCORES, throw by RF Evan Oliveri to third
|
|
Batting: LHB Adam Tarbutton
|
0-0: Ball 1-0: Fly out, F8 (Flyball, 89XD, EV 106.2 MPH)
|
| Top of the 8th over - 1 run, 2 hits, 0 errors, 2 left on base; Windy City 3 - York 1 |
| BOTTOM OF THE 8TH |
|
York Revolution batting - Pitching for Windy City ThunderBolts : RHP Maury Compson
|
|
Batting: RHB Lee Wright
|
0-0: Called Strike 0-1: Ball 1-1: Called Strike 1-2: Ball 2-2: Foul Ball, location: 2F 2-2: Strikes out swinging
|
|
Batting: RHB Jake Cox
|
0-0: Called Strike 0-1: Ground out 5-3 (Groundball, 56, EV 88.8 MPH)
|
|
Batting: SHB Brett St. Clair
|
0-0: Ball 1-0: Foul Ball, location: 2F 1-1: Called Strike 1-2: Ball 2-2: Strikes out swinging
|
| Bottom of the 8th over - 0 runs, 0 hits, 0 errors, 0 left on base; Windy City 3 - York 1 |
| TOP OF THE 9TH |
|
Windy City ThunderBolts batting - Pitching for York Revolution : RHP Victor Hurtado
|
|
Pitching: LHP Tim Lawson
|
|
|
Batting: LHB Matt Hyde
|
0-0: Called Strike 0-1: DOUBLE (Line Drive, 7LM, EV 108.8 MPH)
|
|
Batting: LHB Larry Myers
|
0-0: Called Strike 0-1: Ground out U3 (Groundball, 34S, EV 84.4 MPH) Matt Hyde to third
|
|
Batting: LHB Justin Stickney
|
0-0: Ground out 2-3 (Groundball, 2L, EV 74.4 MPH)
|
|
Batting: RHB Mike Rosa
|
0-0: Foul Ball, location: 9LSF, Error on foul ball, E9 0-1: Called Strike 0-2: Ball Wild Pitch! Matt Hyde scores 1-2: Ball 2-2: Ground out 4-3 (Groundball, 4, EV 84.4 MPH)
|
| Top of the 9th over - 1 run, 1 hit, 1 error, 0 left on base; Windy City 4 - York 1 |
| BOTTOM OF THE 9TH |
|
York Revolution batting - Pitching for Windy City ThunderBolts : RHP Maury Compson
|
|
Pitching: LHP Silas Chartier
|
|
|
Now in LF: Armando Vazquez
|
|
|
Now in CF: Eddie Reyes
|
|
|
Batting: RHB Victor Arias
|
0-0: Ball 1-0: SINGLE (Groundball, 4MD, EV 101.2 MPH)
|
|
Batting: RHB Joe Hewitt
|
0-0: Called Strike 0-1: Ball 1-1: Called Strike 1-2: Strikes out swinging
|
|
Batting: RHB Tony Perez
|
0-0: Called Strike 0-1: Ball 1-1: Ball 2-1: Ball 3-1: Swinging Strike 3-2: Base on Balls Victor Arias to second
|
|
Batting: RHB Chris Myers
|
0-0: Ball 1-0: Fly out, F6 (Flyball, 6D, EV 87.5 MPH)
|
|
Batting: LHB Joel Moore
|
0-0: Ball 1-0: Foul Ball, location: 2F 1-1: Ball 2-1: Fly out, F7 (Flyball, 7LM, EV 89.4 MPH)
|
| Bottom of the 9th over - 0 runs, 1 hit, 0 errors, 2 left on base; Windy City 4 - York 1 |
|